 Dungeon Crawl Stone Soup version 0.30-a0-187-gd9c2deaf24 (webtiles) character file.

Game seed: 14713992237900073030

175 lunkers the Chopper (level 6, -2/29 (48) HPs)
             Began as a Meteoran Reaver on Oct 4, 2022.
             Slain by a gnoll
             ... wielding a +0 halberd
             ... led by a gnoll bouda
              (11 damage)
             ... on level 4 of the Dungeon.
             The game lasted 00:03:14 (1106 turns).

lunkers the Chopper (Meteoran Reaver)               Turns: 1106, Time: 00:03:14

HP:   -2/29 (48)    AC:  3    Str: 17    XL:     6   Next: 11%
MP:   11/11         EV: 12    Int: 14    God:
Gold: 91            SH:  0    Dex: 12    Spells: 7/10 levels left

rFire   . . .      SeeInvis .    a - +0 hand axe
rCold   . . .      Faith    .    (no shield)
rNeg    . . .      Spirit   .    b - +0 leather armour
rPois   .          Reflect  .    (no helmet)
rElec   .          Harm     .    (no cloak)
rCorr   .          Rampage  .    (no gloves)
Will    .....                    (no boots)
Stlth   +.........               h - amulet of regeneration
HPRegen 1.04/turn                (no ring)
MPRegen 0.12/turn                (no ring)

@: glowing, very heavily drained
A: sense surroundings 1, otherworldly, glowing, explore regen
a: no special abilities


You were on level 4 of the Dungeon.
You visited 1 branch of the dungeon, and saw 4 of its levels.

You collected 91 gold pieces.

Inventory:

Hand Weapons
 a - a +0 hand axe (weapon)
Missiles
 d - 24 stones
 i - 2 curare-tipped darts
Armour
 b - a +0 leather armour (worn)
 e - a +0 ring mail
Jewellery
 h - an amulet of regeneration (around neck)
Scrolls
 k - a scroll of identify {unknown}
 l - 2 scrolls of teleportation {unknown}
 m - 2 scrolls of blinking {unknown}
 n - 2 scrolls of magic mapping {unknown}
 p - a scroll of poison {unknown}
Potions
 c - a potion of ambrosia {unknown}
 f - a potion of resistance {unknown}
 g - 2 potions of heal wounds {unknown}
 j - a potion of curing {unknown}
 o - a potion of degeneration {unknown}


   Skills:
 - Level 2.1 Fighting
 * Level 7.3 Axes
 - Level 2.4 Dodging
 - Level 2.6 Spellcasting
 - Level 3.6 Conjurations


You had 7 spell levels left.
You knew the following spells:

 Your Spells              Type           Power      Damage    Failure   Level
b - Momentum Strike       Conj/Tloc      12%        3d8       21%         2
p - Kiss of Death         Conj/Necr      24%        2d7       13%         1

Your spell library contained the following spells:

 Spells                   Type           Power      Damage    Failure   Level
 Hailstorm                Conj/Ice       6%         3d4       36%         3


Dungeon Overview and Level Annotations

Branches:
Dungeon (4/15) Zot: 1283
 Temple: D:4-7

Altars:

Annotations:
D:4 Edmund


Innate Abilities, Weirdness & Mutations

You passively map a small area around you.
You are easily found by Zot.
You glow in the dark.
You regain HP and MP as you explore.


Message History

You feel stronger.
You now have 83 gold pieces (gained 4).
Found a stone staircase leading down.
You now have 91 gold pieces (gained 8).
HP restored.
Magic restored.
Things that are here:
a +0 falchion; a +0 ring mail A gnoll comes into view.
It is wielding a +0 halberd.
A gnoll bouda comes into view. It is wielding a +0 club.
The gnoll bouda shouts!
You hear a shout!
The gnoll hits you with a +0 halberd.
A gnoll comes into view. It is wielding a +0 spear.
You hear a shout!
You hit the gnoll.
The gnoll is moderately wounded.
The gnoll hits you with a +0 halberd!
* * * LOW HITPOINT WARNING * * *
The gnoll bouda gazes fiercely through you!
You feel your attacks grow feeble. The gnoll attacks as you move away!
The gnoll barely misses you.
The gnoll hits you from afar with a +0 halberd!
* * * LOW HITPOINT WARNING * * *
Your attacks no longer feel as feeble.
The gnoll bouda barks out a call to the hunt!
The gnolls pick up the pace!
The gnoll closely misses you.
A gnoll comes into view. It is wielding a +0 club.
The gnoll hits you but does no damage.
The gnoll hits you from afar with a +0 halberd!
* * * LOW HITPOINT WARNING * * *
The gnoll hits you from afar with a +0 halberd.
* * * LOW HITPOINT WARNING * * *
Edmund the Younger comes into view.
He is wielding a +6 flail of draining.
Edmund shouts!
Edmund says, "People think my brother is the best.
I think he's crazy."
Edmund throws a stone.
The stone hits you.
* * * LOW HITPOINT WARNING * * *
The gnoll hits you from afar with a +0 halberd!
You die...

#.#...#.#*** *
#.......# ,
##.......## *
#.........# , *
##.........# * ,,,, ,
......@....####>, ,,
*#.............# * *
* ##.......######
##....@###########..#
#.###.)............#
*
##.#g#######.####...,
#....g..# #.#
#######g###.####..# ,
#.g.........#
#####.####.## #.#
#########.#


You could see Edmund and a gnoll (swift).

Vanquished Creatures
  3 orc priests
  An orc wizard (D:2)
  2 adders
  An ufetubus (D:4)
  A dart slug (D:2)
  4 orcs
  2 ball pythons
  2 bats
  5 endoplasms
  2 giant cockroaches (D:2)
  5 goblins
  3 hobgoblins
  5 frilled lizards
  2 kobolds
  A rat (D:2)
39 creatures vanquished.

Notes
Turn   | Place    | Note
-------+----------+-------------------------------------------
     0 | D:1      | lunkers the Meteoran Reaver began the quest for the Orb.
     0 | D:1      | Reached XP level 1. HP: 17/17 MP: 5/5
   166 | D:1      | Reached skill level 4 in Axes
   166 | D:1      | Reached XP level 2. HP: 19/24 MP: 6/6
   309 | D:2      | Reached XP level 3. HP: 21/29 MP: 8/8
   337 | D:2      | Reached skill level 5 in Axes
   716 | D:2      | Reached XP level 4. HP: 7/34 MP: 7/9
   726 | D:2      | Reached skill level 6 in Axes
   726 | D:2      | Reached XP level 5. HP: 11/35 MP: 7/10
   764 | D:2      | Learned a level 2 spell: Momentum Strike
  1008 | D:4      | Reached skill level 7 in Axes
  1046 | D:4      | Reached XP level 6. HP: 11/29 MP: 8/11
  1105 | D:4      | Noticed Edmund
  1106 | D:4      | Slain by a gnoll

Illustrated notes

Levels and vault maps discovered:
D:1:      dpeg_arrival_rooms_c, layout_basic,
          dreamdust_ecumenical_altar_statues, hangedman_decor_opposing,
          minmay_three_crescents
D:2:      layout_basic, minivault_5
D:3:      layout_basic
D:4:      layout_loops_ring, serial_shops, shop, uniq_edmund, uniq_duvessa

Skill      XL: |  1  2  3  4  5 |
---------------+----------------+-----
Axes           | 4 5 6 7 |  7.3
Fighting       | |  2.1
Dodging        | |  2.4
Spellcasting   | |  2.6
Conjurations   | |  3.6

Action                   |  1- 3 |  4- 6 || total
-------------------------+-------+-------++-------
Melee: Hand axe          |    92 |    47 ||   139
       Punch             |     1 |       ||     1
 Cast: Kiss of Death     |     1 |     4 ||     5
       Momentum Strike   |       |     2 ||     2
  Use: Scroll            |     1 |       ||     1
Armor: Leather armour    |    26 |    11 ||    37
Dodge: Dodged            |    42 |    24 ||    66

Table legend: (Time is in decaauts)
 A = Elapsed time spent in this place.
 B = Non-inter-level travel time spent in this place.
 C = Inter-level travel time spent in this place.
 D = Time resting spent in this place.
 E = Time spent auto-exploring this place.
 F = Levels seen in this place.
 G = Mean time per level.
                   A        B        C        D        E       F      G
               +--------+--------+--------+--------+--------+-----+--------+
         Total |   1115 |   1091 |     24 |      0 |    614 |   4 |  278.8 |
       Dungeon |   1115 |   1091 |     24 |      0 |    614 |   4 |  278.8 |
               +--------+--------+--------+--------+--------+-----+--------+

Top non-repeatable levels by time:
     D:2: 402 daAuts
     D:3: 394 daAuts
     D:1: 239 daAuts
     D:4: 79 daAuts
